 Dungeon Crawl Stone Soup version 0.24-a0-58-gc8b47a3 (webtiles) character file.

Game seed: 8812881461947751450

53 TheGoonsmith the Poker (level 3, -6/28 HPs)
             Began as a Merfolk Gladiator on Feb 4, 2019.
             Mangled by a mummy (9 damage)
             ... in an ossuary.
             The game lasted 00:01:35 (926 turns).

TheGoonsmith the Poker (Merfolk Gladiator)           Turns: 926, Time: 00:01:35

Health: -6/28      AC:  4    Str: 14    XL:     3   Next: 89%
Magic:  3/3        EV: 14    Int:  7    God:
Gold:   86         SH:  0    Dex: 16    Spells: 2/2 levels left

rFire    . . .     SeeInvis .   a - +0 trident
rCold    . . .     Gourm    .   (no shield)
rNeg     . . .     Faith    .   b - +0 leather armour
rPois    .         Spirit   .   c - +0 helmet
rElec    .         Reflect  .   (no cloak)
rCorr    .         Harm     .   (no gloves)
MR       .....                  (no boots)
Stlth    +.........             (no amulet)
HPRegen  0.09/turn              (no ring)
MPRegen  0.08/turn              (no ring)

@: no status effects
A: change form in water, swift swim, stealthy swim
a: no special abilities


You were in an ossuary.
You were not hungry.

You visited 1 branch of the dungeon, and saw 3 of its levels.
You also visited: Ossuary.

You collected 86 gold pieces.

Inventory:

Hand Weapons
 a - a +0 trident (weapon)
Missiles
 d - 3 throwing nets (quivered)
Armour
 b - a +0 leather armour (worn)
 c - a +0 helmet (worn)
Scrolls
 g - a scroll of magic mapping
 h - a scroll of fear {unknown}
 i - 2 scrolls of remove curse {unknown}
 j - 2 scrolls of identify {unknown}
 m - a scroll of fog {unknown}
 o - a scroll of enchant weapon {unknown}
Potions
 e - a potion of cancellation {unknown}
 k - a potion of haste {unknown}
 l - a potion of might {unknown}
 n - a potion of heal wounds {unknown}
Comestibles
 f - 2 rations


   Skills:
 + Level 2.9 Fighting
 * Level 5.7 Polearms
 - Level 2.0 Throwing
 + Level 4.6 Dodging


You had 2 spell levels left.
You didn't know any spells.
Your spell library was empty.

Dungeon Overview and Level Annotations

Branches:
Dungeon (4/15)
 Temple: D:4-7

Altars:


Message History

You reach to attack!
You barely miss the mummy. You hit the mummy.
The mummy is moderately damaged.
There is a gate leading back out of this place here.
Okay, then.
There is a gate leading back out of this place here.
You barely miss the mummy.
The mummy is moderately damaged.
You barely miss the mummy.
The mummy is moderately damaged.
The mummy hits you.
You puncture the mummy!
The mummy is heavily damaged.
The kobold zombie barely misses you. The mummy hits you!!
Ouch! That really hurt!
* * * LOW HITPOINT WARNING * * *
The kobold zombie completely misses you.
The mummy hits you!
You die...

#....#
#....#
#....#
#....#
#....#
#.MZ.#
#MZZ.#
#MMZ.#
#.@∩.#
######


You could see 4 mummies, 2 gnoll zombies and 2 kobold zombies.

Vanquished Creatures
  A mummy (D:4)
  2 adders
  A dart slug (D:1)
  4 bats
  3 giant cockroaches
  A gnoll zombie (Ossuary)
  2 goblins
  4 hobgoblins
  A kobold (D:2)
  2 kobold zombies (Ossuary)
21 creatures vanquished.

Notes
Turn   | Place    | Note
-------+----------+-------------------------------------------
     0 | D:1      | TheGoonsmith the Merfolk Gladiator began the quest for the
                  | Orb.
     0 | D:1      | Reached XP level 1. HP: 16/16 MP: 1/1
   166 | D:1      | Reached XP level 2. HP: 8/23 MP: 2/2
   460 | D:1      | You fall through a shaft!
   592 | D:2      | Reached skill level 5 in Polearms
   615 | D:2      | Reached XP level 3. HP: 28/28 MP: 3/3
   783 | D:2      | You fall through a shaft for 2 floors!
   846 | D:4      | Found a sand-covered staircase.
   887 | Ossuary  | Entered an ossuary
   926 | Ossuary  | Mangled by a mummy

Vault maps used:
D:1:      dpeg_arrival_tiny_j, nrook_mini_vaults
D:4:      overflow_temple_1_default, overflow_temple_1_default,
          nicolae_ossuary_entry_giza, first_ration, uniq_grinder, uniq_natasha
Ossuary:  ossuary_tomb_3

Skill      XL: |  1  2 |
---------------+-------+-----
Polearms       | 5 |  5.7
Fighting       | |  2.9
Throwing       | |  2.0
Dodging        | |  4.6

Action                   || total
-------------------------++-------
Melee: Trident           ||    75
  Use: Scroll            ||     1
Armor: Leather armour    ||    18
Dodge: Dodged            ||    35

Table legend:
 A = Non-vault XP
 B = Vault XP
 C = Vault XP percentage of total XP
 D = Non-vault monster count
 E = Vault monster count
 F = Vault count percentage of total count
                 A         B        C        D         E       F
            +---------+---------+-------+---------+---------+-------
      Total |      55 |      22 |  28.6 |      17 |       4 |  19.0
            +---------+---------+-------+---------+---------+-------
        D:1 |      14 |       0 |   0.0 |       6 |       0 |   0.0
        D:2 |      26 |       0 |   0.0 |       9 |       0 |   0.0
        D:4 |      15 |      18 |  54.5 |       2 |       1 |  33.3
    Ossuary |       0 |       4 | 100.0 |       0 |       3 | 100.0
            +---------+---------+-------+---------+---------+-------
